Map: Dusk Towers

Players

DemiLove (Demi) - Winner!

  • Race: Zerg Zerg
  • League: Grandmaster

ThisGameSuck

  • Race: Protoss Protoss
  • League: Grandmaster

VOD

Have the link to the VOD?

Description

Time

  • Played on: June 29, 2016, 8:34 a.m.
  • Length: 13:03
Show
View Real Time Build Order
Export as new Build Order

DemiLove Zerg - Winner!

Build Orders: Hatch First, Lurkers 

Get SALT Encoding   

  12  0:01  Drone  
  13  0:12  Overlord  
  13  0:18  Drone  
  14  0:31  Drone x2  
  16  0:36  Drone  
  17  0:56  Drone  
  18  0:58  Hatchery  
  18  1:00  Drone  
  18  1:09  Extractor  
  17  1:17  Spawning Pool  
  16  1:20  Drone x2  
  18  1:32  Drone  
  19  1:40  Overlord  
  19  1:50  Overlord  
  19  2:02  Drone  
  19  2:03  Queen  
  22  2:10  Metabolic Boost, Queen  
  22  2:11  Drone  
  22  2:13  Drone  
  26  2:26  Zergling x2  
  27  2:33  Zergling x4  
  27  2:35  Drone  
  30  2:44  Drone x2  
  30  2:48  Burrow  
  33  2:58  Drone x2  
  33  2:59  Hatchery  
  33  3:05  Overlord  
  32  3:14  Drone x3  
  35  3:20  Spore Crawler  
  35  3:23  Zergling x6  
  35  3:24  Zergling x2  
  35  3:26  Spore Crawler  
  37  3:29  Zergling x4  
  39  3:35  Queen  
  39  3:37  Drone  
  42  3:41  Drone x2  
  42  3:46  Overlord  
  44  3:50  Overlord  
  44  3:54  Drone  
  44  3:55  Drone  
  46  3:59  Overlord  
  45  4:11  Drone x2  
  45  4:12  Drone x5  
  52  4:21  Drone  
  53  4:26  Evolution Chamber  
  53  4:29  Spore Crawler  
  52  4:31  Drone x2  
  52  4:33  Extractor  
  52  4:35  Drone  
  52  4:36  Drone x2  
  55  4:40  Drone  
  55  4:44  Drone x2  
  55  4:45  Drone x2  
  60  4:48  Overlord x2  
  60  4:50  Lair  
  60  4:54  Zerg Missile Weapons Level 1  
  60  4:58  Drone x3  
  63  5:08  Drone x4  
  63  5:09  Drone  
  63  5:11  Extractor  
  66  5:26  Zergling x10  
  69  5:29  Drone x2  
  69  5:30  Extractor, Drone x2  
  69  5:31  Overlord x2  
  69  5:33  Drone x3  
  72  5:36  Drone x3  
  74  5:50  Hydralisk Den  
  74  5:51  Zergling x4, Hatchery  
  74  5:52  Zergling x2  
  74  5:56  Drone  
  74  5:57  Drone  
  77  5:58  Drone  
  77  5:59  Drone x5  
  83  6:06  Overlord  
  83  6:09  Drone  
  83  6:10  Drone x3  
  84  6:13  Extractor  
  84  6:14  Extractor, Queen  
  85  6:18  Drone x3  
  85  6:20  Muscular Augments  
  85  6:27  Overlord  
  85  6:29  Overlord  
  85  6:38  Hydralisk x6  
  93  6:40  Hydralisk  
  93  6:46  Spore Crawler  
  92  6:47  Overlord  
  92  6:51  Drone x2  
  94  6:54  Hydralisk  
  94  6:55  Hydralisk x3  
  94  6:58  Zerg Melee Weapons Level 1  
  102  7:02  Evolution Chamber  
  102  7:05  Drone x3  
  104  7:12  Spore Crawler  
  104  7:15  Hydralisk x2  
  103  7:16  Hydralisk x2  
  111  7:24  Queen  
  111  7:27  Overlord x2  
  113  7:35  Lurker Den  
  113  7:37  Drone x5  
  113  7:38  Drone x5  
  120  7:58  Spore Crawler  
  117  8:00  Spore Crawler  
  117  8:03  Drone x5  
  117  8:04  Drone x5  
  117  8:05  Drone x3  
  125  8:11  Zerg Missile Weapons Level 2  
  125  8:16  Spine Crawler  
  124  8:24  Zergling x10  
  124  8:25  Zergling x4  
  131  8:29  Extractor  
  131  8:30  Extractor  
  128  8:36  Drone x2  
  128  8:37  Drone x3  
  129  8:48  Hydralisk  
  129  8:49  Hydralisk x6  
  129  8:52  Overlord x2  
  143  8:58  Overlord x2  
  143  9:01  Overlord  
  143  9:04  Zerg Melee Weapons Level 2  
  143  9:12  Infestation Pit  
  143  9:14  Hydralisk x3  
  143  9:15  Hydralisk  
  147  9:27  Hydralisk x8  
  147  9:28  Zergling x4  
  147  9:29  Zergling x2  
  147  9:30  Overlord x2  
  147  9:31  Overseer  
  166  9:33  Overlord  
  166  9:39  Spine Crawler  
  165  9:47  Drone x4  
  167  9:53  Hive  
  167  9:55  Lurker  
  167  9:56  Lurker x12  
  179  10:09  Spore Crawler  
  179  10:11  Spore Crawler  
  179  10:13  Spore Crawler  
  176  10:15  Drone x3  
  176  10:16  Hydralisk x3, Spore Crawler  
  176  10:17  Hydralisk  
  176  10:18  Zergling x2  
  176  10:19  Zergling x2  
  187  10:37  Lurker  
  187  10:38  Lurker x7  
  195  10:43  Hydralisk x2  
  195  10:44  Zergling x2  
  200  10:57  Hatchery  
  187  11:13  Hydralisk x5  
  187  11:14  Hydralisk x2  
  199  11:22  Spire  
  186  11:31  Hydralisk x5  
  186  11:32  Zergling x2  
  190  11:33  Zergling x18  
  199  11:54  Zergling x10  
  199  11:55  Zergling x4  
  199  12:01  Hydralisk x2  
  199  12:11  Hatchery  
  198  12:31  Zergling x4  
Show
View Real Time Build Order
Export as new Build Order

ThisGameSuck Protoss 

Build Orders: 1 Gate Expand, Phoenix Opening 

Get SALT Encoding   

  12  0:01  Probe (Chrono Boost)  
  13  0:11  Probe (Chrono Boost)  
  14  0:18  Pylon  
  14  0:22  Probe (Chrono Boost)  
  15  0:36  Probe (Chrono Boost)  
  15  0:37  Gateway  
  16  0:46  Probe (Chrono Boost)  
  16  0:48  Assimilator  
  18  0:57  Probe (Chrono Boost)  
  18  1:07  Probe (Chrono Boost)  
  19  1:18  Probe (Chrono Boost)  
  20  1:23  Nexus  
  20  1:32  Cybernetics Core  
  20  1:36  Probe (Chrono Boost)  
  21  1:40  Assimilator  
  21  1:46  Probe (Chrono Boost)  
  22  1:50  Pylon  
  22  1:57  Probe (Chrono Boost)  
  23  2:08  Probe (Chrono Boost)  
  24  2:09  Adept (Chrono Boost)  
  24  2:10  Warp Gate  
  26  2:20  Probe (Chrono Boost)  
  27  2:30  Stargate  
  27  2:31  Probe (Chrono Boost)  
  27  2:34  Adept  
  30  2:39  Probe (Chrono Boost)  
  30  2:41  Probe (Chrono Boost)  
  32  2:50  Probe (Chrono Boost)  
  33  2:53  Mothership Core (Chrono Boost)  
  35  3:00  Probe (Chrono Boost)  
  35  3:01  Adept  
  38  3:10  Probe (Chrono Boost)  
  38  3:11  Probe (Chrono Boost)  
  38  3:16  Phoenix (Chrono Boost)  
  38  3:19  Probe  
  40  3:22  Gateway x2  
  40  3:24  Probe  
  42  3:28  Pylon  
  42  3:39  Phoenix (Chrono Boost)  
  42  3:40  Probe  
  45  3:41  Probe  
  46  3:51  Probe  
  46  3:53  Probe  
  48  3:57  Pylon  
  48  4:07  Probe  
  49  4:10  Pylon  
  49  4:13  Phoenix (Chrono Boost), Probe  
  49  4:14  Adept  
  54  4:21  Pylon  
  54  4:26  Probe  
  54  4:27  Forge  
  54  4:28  Probe  
  56  4:37  Probe  
  56  4:38  Robotics Facility  
  56  4:40  Robotics Facility, Probe  
  56  4:45  Assimilator  
  58  4:47  Gateway  
  58  4:49  Probe  
  58  4:50  Gateway, Assimilator  
  59  4:53  Pylon, Probe  
  59  4:57  Phoenix (Chrono Boost)  
  62  5:14  Photon Cannon  
  62  5:17  Protoss Ground Weapons Level 1 (Chrono Boost)  
  62  5:18  Probe  
  62  5:20  Probe  
  63  5:24  Adept x3  
  70  5:34  Phoenix  
  70  5:35  Warp Prism (Chrono Boost)  
  72  5:37  Warp Prism (Chrono Boost)  
  76  5:54  Nexus  
  76  5:55  Probe  
  77  5:59  Pylon  
  77  6:00  Probe  
  77  6:04  Pylon  
  78  6:06  Pylon  
  78  6:17  Probe x2  
  80  6:18  Immortal  
  80  6:22  Immortal  
  88  6:30  Probe  
  88  6:31  Twilight Council  
  90  6:36  Adept x2  
  90  6:39  Adept  
  87  6:41  Probe  
  84  6:48  Adept x2  
  84  6:51  Probe  
  84  6:53  Probe  
  90  6:58  Protoss Ground Weapons Level 2 (Chrono Boost)  
  90  6:59  Adept  
  90  7:00  Adept  
  94  7:03  Probe  
  94  7:05  Observer (Chrono Boost)  
  94  7:07  Probe  
  94  7:08  Probe  
  98  7:14  Observer (Chrono Boost)  
  99  7:19  Adept x4  
  99  7:21  Probe x2  
  109  7:23  Probe  
  110  7:34  Immortal (Chrono Boost), Probe  
  110  7:36  Assimilator  
  115  7:39  Assimilator  
  115  7:41  Pylon  
  117  7:59  Immortal (Chrono Boost)  
  109  8:07  Probe  
  109  8:08  Immortal (Chrono Boost), Probe x2  
  109  8:12  Zealot x4  
  124  8:20  Charge (Chrono Boost)  
  124  8:21  Templar Archives  
  124  8:22  Gateway  
  124  8:23  Gateway  
  122  8:46  Pylon  
  122  8:47  Pylon, Probe x2  
  124  8:49  Pylon  
  124  8:51  Pylon  
  124  8:55  Gateway x2  
  124  8:58  Gateway  
  124  9:00  Immortal x2 (Chrono Boost)  
  132  9:11  Pylon x2  
  132  9:22  Protoss Ground Weapons Level 3  
  132  9:23  High Templar x4  
  138  9:24  High Templar  
  138  9:27  Archon x2  
  140  9:36  Immortal  
  140  9:38  High Templar  
  146  9:46  Immortal  
  146  9:52  Archon  
  142  9:59  High Templar x2, Zealot x5  
  156  10:00  Zealot x2  
  156  10:04  Archon  
  160  10:07  Psionic Storm  
  160  10:15  Warp Prism  
  160  10:17  Nexus, Zealot x4  
  170  10:36  Zealot  
  170  10:42  Pylon  
  172  10:43  Pylon  
  172  10:46  Pylon  
  172  11:00  Fleet Beacon  
  172  11:02  Stargate  
  172  11:03  Stargate  
  164  11:13  Observer  
  160  11:30  Zealot x10  
  174  11:37  Immortal  
  160  11:40  Immortal  
  150  11:50  Oracle (Chrono Boost), Tempest (Chrono Boost)  
  150  11:53  High Templar x4  
  157  11:54  Zealot x6  
  157  11:59  Assimilator  
  153  12:03  Probe  
  153  12:05  Assimilator  
  154  12:16  Zealot x6  
  166  12:23  Observer  
  166  12:24  Observer  
  168  12:35  Zealot x4  
  168  12:36  Probe  
  173  12:50  Archon  
  125  12:59  Zealot x10  
Tags
 
Add a new tag
Caveats
  • Supply blocks, unpowered buildings, or Contaminate may cause inaccurate times.
  • Supply counts are checked every 10 seconds.